Map: Eastwatch LE

Players

Ryung - Winner!

  • Race: Terran Terran
  • Spawn Location: 1:00

souL

  • Race: Terran Terran
  • Spawn Location: 7:00

Event: IEM Season 12 - Katowice

VOD

Have the link to the VOD?

Description

Time

  • Played on: Feb. 26, 2018, 10:10 a.m.
  • Length: 7:56

All games in this series

Show
View Real Time Build Order
Export as new Build Order

Ryung Terran - Winner!

Build Orders: Liberator Opening 

Get SALT Encoding   

  12  0:00  SCV  
  13  0:13  SCV  
  14  0:17  Supply Depot  
  14  0:25  SCV  
  15  0:38  SCV  
  15  0:39  Barracks  
  16  0:45  Refinery  
  16  0:52  SCV  
  17  1:04  SCV  
  18  1:16  SCV  
  19  1:27  Reaper  
  19  1:28  Orbital Command  
  20  1:50  Bunker  
  20  1:51  Supply Depot  
  20  1:55  SCV  
  20  1:59  Marine  
  22  2:07  SCV  
  23  2:11  Factory  
  23  2:17  Marine  
  23  2:19  SCV, Refinery  
  25  2:31  SCV  
  25  2:35  Marine  
  27  2:45  SCV  
  27  2:51  Supply Depot  
  27  2:53  Marine  
  27  2:56  Factory Tech Lab  
  28  2:59  SCV  
  28  3:00  Starport  
  28  3:04  Bunker  
  29  3:11  Marine  
  30  3:14  SCV  
  30  3:15  Siege Tank  
  34  3:24  Liberator  
  34  3:27  SCV  
  34  3:30  Marine  
  36  3:47  SCV  
  32  3:59  SCV  
  31  4:06  Marine  
  30  4:11  SCV  
  31  4:23  SCV  
  32  4:35  Cloaking Field, Banshee  
  32  4:36  SCV  
  36  4:49  Command Center  
  36  4:52  SCV  
  37  5:04  SCV  
  37  5:05  Supply Depot  
  38  5:07  Barracks Reactor  
  38  5:10  Factory Tech Lab  
  38  5:16  SCV  
  38  5:26  Banshee  
  41  5:29  SCV  
  41  5:32  Siege Tank  
  42  5:41  SCV  
  43  5:43  Marine x2  
  45  5:53  SCV  
  46  6:02  Orbital Command  
  46  6:04  Marine  
  46  6:05  SCV  
  46  6:08  Marine  
  46  6:09  Banshee  
  52  6:14  Siege Tank  
  50  6:29  SCV x2  
  52  6:41  SCV x2, Marine x2  
  56  6:47  Supply Depot  
  56  6:53  SCV x2  
  58  6:56  Siege Tank  
  60  7:04  Command Center  
  60  7:09  SCV x2  
  60  7:14  Supply Depot  
  60  7:15  Supply Depot  
  60  7:21  SCV x2  
  62  7:35  Starport Reactor  
  62  7:36  SCV x2  
  64  7:44  Barracks  
  64  7:45  Barracks  
Show
View Real Time Build Order
Export as new Build Order

souL Terran 

Build Orders:  

Get SALT Encoding   

  12  0:00  SCV  
  13  0:13  Supply Depot  
  13  0:18  SCV  
  14  0:30  SCV  
  15  0:42  Barracks  
  15  0:45  Refinery  
  15  0:57  Barracks  
  15  1:02  SCV  
  16  1:14  SCV  
  17  1:29  Orbital Command, Barracks Tech Lab  
  17  1:44  Barracks Tech Lab  
  17  1:47  Marauder  
  19  1:55  Concussive Shells  
  19  1:57  SCV  
  20  2:05  Marauder  
  20  2:07  Supply Depot  
  22  2:18  SCV  
  23  2:29  Marauder x2  
  27  2:31  SCV  
  28  2:47  Supply Depot  
  28  2:48  SCV  
  28  2:50  Marauder  
  31  2:53  Bunker  
  31  3:08  SCV  
  31  3:09  Marauder  
  34  3:14  Refinery  
  34  3:18  Supply Depot  
  34  3:21  SCV  
  35  3:28  Factory  
  35  3:33  SCV  
  36  3:45  SCV  
  33  3:56  Marauder  
  33  3:57  SCV  
  30  4:09  Command Center  
  26  4:10  SCV  
  26  4:11  Cyclone  
  30  4:19  Marauder  
  32  4:28  SCV  
  33  4:41  SCV, Command Center  
  33  4:43  Cyclone  
  37  4:47  Marauder  
  39  4:53  Engineering Bay  
  39  4:55  SCV  
  40  5:07  SCV  
  40  5:12  Starport  
  41  5:19  SCV  
  41  5:20  Cyclone  
  44  5:37  Orbital Command  
  44  5:42  Missile Turret  
  43  5:45  Missile Turret  
  43  5:50  Medivac  
  43  5:53  SCV  
  46  5:58  Orbital Command  
  45  6:05  SCV  
  45  6:09  Factory Tech Lab  
  46  6:11  SCV  
  46  6:17  SCV  
  48  6:23  Viking, SCV  
  49  6:28  Siege Tank  
  49  6:29  SCV x2  
  50  6:36  Bunker  
  50  6:41  SCV  
  50  6:42  SCV  
  50  6:43  Barracks  
  52  6:47  Barracks Reactor  
  52  6:48  SCV, Barracks  
  52  6:53  SCV  
  53  6:56  SCV  
  53  7:00  SCV  
  55  7:02  Siege Tank  
  55  7:05  SCV  
  60  7:08  SCV  
  54  7:17  SCV  
  54  7:21  Viking  
  56  7:24  SCV  
  56  7:25  Marine x2  
  59  7:30  SCV  
  59  7:34  Marine  

Tags
 
Add a new tag
Caveats
  • Supply blocks, unpowered buildings, or Contaminate may cause inaccurate times.
  • Supply counts are checked every 10 seconds.